Map: Efflorescence LE

Players

Massa - Winner!

  • Race: Terran Terran
  • Spawn Location: 6:00

qqq - Winner!

  • Race: Zerg Zerg
  • Spawn Location: 9:00

Vextor

  • Race: Zerg Zerg
  • League: Diamond
  • Spawn Location: 3:00

Belgarath

  • Race: Protoss Protoss
  • Spawn Location: 12:00

VOD

Have the link to the VOD?

Description

Time

  • Played on: Jan. 26, 2021, 1:15 p.m.
  • Length: 11:32
Show
View Real Time Build Order
Export as new Build Order

Massa Terran - Winner!

Build Orders:  

Get SALT Encoding   

  12  0:00  SCV  
  13  0:12  SCV  
  14  0:18  Supply Depot  
  14  0:24  SCV  
  15  0:39  SCV  
  15  0:40  Barracks  
  16  0:50  Supply Depot  
  16  0:51  SCV  
  17  1:03  SCV  
  18  1:08  Refinery  
  18  1:11  Barracks  
  18  1:21  SCV  
  19  1:28  Barracks  
  19  1:35  SCV  
  19  1:36  Marine  
  21  1:47  SCV  
  22  2:02  Marine  
  22  2:05  Orbital Command  
  22  2:07  Marine  
  24  2:16  Barracks Tech Lab  
  24  2:20  Marine, Supply Depot  
  25  2:28  Marine  
  26  2:36  Supply Depot  
  26  2:38  Marine  
  26  2:39  Marauder  
  29  2:46  Marine  
  29  2:50  Stimpack  
  30  2:56  Marine  
  31  3:01  Marauder  
  31  3:03  Marine  
  34  3:13  Marine  
  35  3:21  Marine  
  35  3:22  Marauder  
  38  3:31  Marine  
  39  3:36  Supply Depot  
  39  3:39  Marine  
  40  3:44  Marauder  
  42  3:49  Marine  
  42  3:55  Supply Depot  
  43  3:57  Marine  
  44  4:05  Marauder  
  44  4:07  Marine  
  47  4:15  Marine  
  47  4:25  Marine  
  47  4:26  Marauder  
  50  4:32  Marine  
  51  4:42  Marine  
  47  4:48  Marauder  
  42  5:01  Marine x2  
  44  5:09  Marauder  
  46  5:19  Marine x2  
  34  5:31  Marauder  
  36  5:37  Marine x2  
  38  5:52  Marauder  
  38  5:54  Marine x2  
  35  6:12  Marine  
  35  6:13  Marauder  
  35  6:17  Factory  
  35  6:18  Refinery, Command Center  
  38  6:20  SCV  
  38  6:22  Marine, Command Center  
  40  6:30  Marine  
  40  6:32  SCV  
  42  6:35  Marauder  
  44  6:40  Marine  
  44  6:46  Engineering Bay  
  45  6:53  Barracks Reactor  
  45  6:56  Marauder  
  45  6:57  Barracks  
  47  7:14  Marine  
  48  7:17  Marauder  
  48  7:18  Factory Tech Lab  
  50  7:24  Combat Shield  
  50  7:31  Marine  
  49  7:39  Marauder  
  51  7:44  Marine x3  
  51  7:49  Marine  
  35  8:00  Marauder  
  35  8:01  Siege Tank  
  35  8:02  Marine x3  
  35  8:03  Orbital Command  
  35  8:05  SCV x2  
  45  8:10  Terran Infantry Weapons Level 1  
  45  8:17  SCV x2  
  47  8:22  Marauder  
  47  8:23  Starport  
  49  8:29  SCV  
  50  8:39  Siege Tank  
  53  8:43  SCV  
  53  8:44  SCV, Armory  
  53  8:46  SCV  
  56  8:56  Marauder  
  56  8:57  Marine  
  56  8:59  Marine  
  60  9:10  Marine x2  
  60  9:15  Marine  
  60  9:16  Marine  
  63  9:17  Marauder  
  66  9:25  Siege Tank  
  69  9:45  Marauder, Marine x4  
  64  10:03  Marine x4  
  64  10:06  Marauder  
  68  10:17  Siege Tank  
  68  10:18  Medivac  
  68  10:21  Marine x4  
  75  10:28  Marauder  
  79  10:32  Concussive Shells  
  79  10:38  Marine  
  79  10:39  Marine  
  79  10:42  Missile Turret  
  81  10:44  Missile Turret  
  81  10:49  Marauder  
  83  10:50  Refinery  
  83  10:51  Missile Turret  
  83  11:11  Marauder  
  85  11:18  SCV x3  
  88  11:30  Barracks Tech Lab  
  89  11:32  Engineering Bay  
Show
View Real Time Build Order
Export as new Build Order

qqq Zerg - Winner!

Build Orders: Hatch First 

Get SALT Encoding   

  12  0:00  Drone  
  13  0:11  Drone  
  14  0:18  Overlord  
  14  0:48  Hatchery  
  13  0:58  Drone x2  
  13  1:04  Drone  
  16  1:27  Extractor, Spawning Pool  
  16  1:32  Drone x2  
  16  1:34  Drone  
  17  1:45  Drone  
  18  1:54  Drone  
  18  2:00  Drone  
  20  2:05  Drone  
  21  2:14  Queen  
  21  2:15  Queen  
  23  2:18  Drone  
  26  2:24  Overlord  
  26  2:31  Metabolic Boost  
  26  2:34  Drone  
  27  2:38  Drone  
  27  2:43  Zergling x2  
  29  2:44  Zergling x2  
  29  2:47  Drone  
  31  2:52  Overlord  
  31  2:57  Drone  
  32  2:59  Zergling x2  
  33  3:05  Zergling x2  
  33  3:10  Zergling x2  
  35  3:15  Zergling x2  
  36  3:23  Zergling x2  
  37  3:30  Zergling x6  
  37  3:31  Zergling x4, Overlord  
  42  3:38  Zergling x2  
  42  3:40  Zergling x2  
  43  3:43  Zergling x2  
  44  3:50  Zergling x2  
  45  3:56  Drone  
  46  4:03  Hatchery, Drone, Evolution Chamber  
  46  4:04  Evolution Chamber  
  44  4:17  Zergling x8  
  43  4:18  Zergling x2  
  40  4:29  Zergling x2  
  40  4:30  Drone x2, Zergling x2  
  42  4:34  Zerg Melee Weapons Level 1  
  42  4:48  Zergling x6  
  45  4:54  Zergling x2  
  45  4:55  Zergling x4  
  45  4:58  Zerg Ground Armor Level 1  
  47  5:02  Zergling x2  
  47  5:06  Zergling x4  
  47  5:07  Zergling x4  
  52  5:21  Zergling x6  
  55  5:22  Zergling x6  
  55  5:38  Zergling x2  
  55  5:39  Zergling x6  
  53  5:44  Zergling x2  
  53  5:45  Zergling x2  
  49  5:54  Zergling x6  
  48  6:05  Zergling x2  
  48  6:06  Zergling x4  
  48  6:07  Queen  
  47  6:22  Zergling x8  
  47  6:23  Drone x2, Zergling x4  
  47  6:24  Zergling x4  
  53  6:31  Lair  
  53  6:32  Zergling x2  
  54  6:33  Zergling x2  
  54  6:37  Drone  
  56  6:42  Drone  
  56  6:43  Drone  
  57  7:07  Overlord x3  
  52  7:25  Overlord x2  
  52  7:26  Zergling x2  
  52  7:28  Drone  
  53  7:46  Hatchery  
  52  7:54  Hatchery  
  52  7:55  Zergling x2  
  52  7:56  Zergling x6  
  54  8:17  Zergling x4  
  54  8:18  Zergling x4  
  54  8:19  Drone, Zergling x10  
  57  8:20  Drone x2, Zergling x8  
  57  8:21  Zergling x4  
  58  8:28  Zerg Melee Weapons Level 2  
  58  8:29  Zerg Ground Armor Level 2  
  58  8:30  Zergling x2  
  58  8:31  Drone  
  60  8:34  Drone  
  62  8:41  Zergling x2  
  62  8:44  Drone  
  59  8:54  Drone x3  
  59  9:13  Zergling x4  
  59  9:14  Drone x2, Zergling x2  
  59  9:15  Drone, Zergling x12  
  71  9:21  Infestation Pit  
  71  9:22  Extractor  
  69  9:24  Zergling x2  
  69  9:25  Zergling x4  
  69  9:35  Zergling x2  
  69  9:36  Zergling x14  
  69  9:37  Zergling x6  
  79  9:44  Zergling x6  
  73  9:48  Zergling x8  
  73  9:49  Drone x2  
  78  9:57  Zergling x6  
  78  9:58  Zergling x2  
  82  10:11  Zergling x2  
  82  10:12  Zergling x4  
  82  10:13  Drone x2, Zergling x4  
  82  10:14  Zergling x4  
  89  10:22  Zergling x6  
  89  10:23  Drone x2, Zergling x4  
  95  10:30  Zergling x2  
  95  10:31  Drone x3  
  95  10:32  Zergling x4  
  101  10:38  Zergling x2  
  101  10:39  Zergling x4  
  101  10:40  Drone  
  101  10:42  Overlord x2  
  98  10:43  Hatchery  
  98  10:47  Zergling x6  
  91  10:50  Zergling x4  
  91  10:51  Drone  
  91  10:54  Zergling x4  
  91  10:55  Zergling x2  
  91  10:56  Zergling x2  
  94  10:57  Drone  
  90  11:07  Zergling x6  
  90  11:08  Zergling x6  
  90  11:09  Zergling x4  
  90  11:10  Zergling x2  
  93  11:12  Zergling x2  
  93  11:14  Zergling x2  
  93  11:15  Drone  
Show
View Real Time Build Order
Export as new Build Order

Vextor Zerg 

Build Orders: Hatch First 

Get SALT Encoding   

  12  0:00  Drone  
  13  0:13  Overlord  
  13  0:18  Drone  
  14  0:32  Drone x2  
  16  0:52  Hatchery  
  16  0:55  Drone  
  16  0:58  Drone  
  17  1:19  Drone  
  17  1:20  Extractor, Spawning Pool  
  17  1:21  Drone  
  17  1:28  Drone  
  18  1:41  Drone  
  18  1:42  Overlord  
  19  1:58  Drone  
  20  2:08  Queen x2  
  20  2:09  Zergling x4  
  20  2:15  Drone x2  
  28  2:21  Metabolic Boost  
  28  2:24  Drone  
  28  2:26  Drone  
  30  2:35  Drone  
  31  2:40  Drone  
  32  2:46  Zergling x2  
  32  2:47  Zergling x2  
  34  2:56  Drone  
  36  2:58  Zergling x2  
  36  3:08  Overlord  
  36  3:19  Overlord  
  36  3:27  Hatchery  
  36  3:29  Drone x5  
  36  3:30  Drone x2  
  36  3:33  Queen  
  44  3:51  Zergling x12  
  44  3:53  Zergling x2  
  50  3:57  Zergling x4  
  52  4:14  Zergling x2  
  52  4:17  Zergling x2  
  52  4:22  Zergling x8  
  52  4:23  Zergling x4  
  50  4:25  Zergling x2  
  50  4:26  Zergling x2  
  52  4:33  Overlord  
  52  4:34  Overlord  
  50  4:44  Zergling x6  
  50  4:45  Zergling x2  
  45  4:53  Zergling x6  
  45  4:56  Zergling x2  
  45  5:00  Queen  
  45  5:01  Zergling x6  
  45  5:02  Zergling x4  
  43  5:09  Zergling x2  
  43  5:10  Zergling x2  
  43  5:13  Queen  
  37  5:18  Zergling x2  
  35  5:27  Zergling x4  
  34  5:37  Zergling x6  
  34  5:38  Zergling x2  
  34  5:41  Zergling x2  
  30  5:47  Zergling x2  
  28  5:51  Zergling x2  
  28  6:00  Zergling x8  
  31  6:07  Zergling x4  
  33  6:16  Queen  
  33  6:25  Overlord  
  33  6:35  Hatchery  
  33  6:39  Drone x2  
  34  6:40  Drone  
  34  6:41  Drone  
  34  6:43  Drone  
  36  7:01  Zergling x2  
  36  7:02  Zergling x8  
  40  7:12  Zergling x6  
  35  7:20  Zergling x4  
  32  7:32  Baneling Nest  
  26  7:37  Zergling x6  
  21  7:45  Zergling x2  
  5  8:30  Baneling  
  5  8:31  Baneling x3  
  5  8:34  Drone  
  4  8:59  Drone  
  5  9:12  Drone  
  5  9:15  Drone  
  7  9:34  Drone  
  10  10:06  Drone x3  
  13  10:08  Zergling x2  
  13  10:09  Zergling x2  
Show
View Real Time Build Order
Export as new Build Order

Belgarath Protoss 

Build Orders: Blink Stalkers 

Get SALT Encoding   

  12  0:00  Probe  
  13  0:12  Probe  
  14  0:17  Pylon  
  14  0:24  Probe  
  15  0:36  Probe  
  15  0:39  Gateway  
  16  0:48  Probe  
  16  0:49  Assimilator  
  17  1:00  Probe  
  18  1:13  Probe  
  19  1:25  Probe  
  20  1:37  Probe  
  20  1:39  Cybernetics Core  
  21  1:49  Probe  
  22  1:54  Nexus  
  22  1:55  Pylon  
  23  2:01  Probe  
  23  2:10  Assimilator  
  23  2:13  Probe  
  23  2:14  Stalker (Chrono Boost)  
  23  2:15  Warp Gate  
  26  2:25  Probe  
  27  2:33  Twilight Council  
  27  2:38  Pylon  
  27  2:42  Probe  
  28  2:47  Stalker  
  30  2:58  Gateway  
  29  3:06  Probe  
  29  3:08  Pylon  
  30  3:16  Probe (Chrono Boost)  
  30  3:18  Probe (Chrono Boost)  
  32  3:25  Stalker  
  35  3:27  Probe (Chrono Boost)  
  35  3:30  Probe (Chrono Boost)  
  35  3:31  Probe (Chrono Boost)  
  37  3:39  Probe  
  38  3:44  Probe  
  38  3:45  Blink (Chrono Boost)  
  39  3:51  Probe  
  40  3:56  Probe  
  41  4:04  Sentry x2  
  41  4:05  Probe, Shield Battery  
  41  4:07  Shield Battery  
  41  4:08  Probe  
  41  4:27  Shield Battery  
  41  4:29  Shield Battery  
  41  4:30  Stalker x2  
  42  4:42  Probe x2  
  42  4:45  Shield Battery  
  39  4:47  Shield Battery  
  39  4:50  Gateway  
  33  4:57  Stalker x2  
  28  5:13  Probe  
  29  5:21  Stalker x2  
  31  5:53  Stalker  
  31  5:54  Stalker x2  
  35  6:03  Probe x2  
  37  6:15  Probe  
  38  6:19  Stalker  
  38  6:20  Stalker x2  
  38  6:24  Probe (Chrono Boost)  
  45  6:28  Robotics Facility  
  46  6:33  Probe (Chrono Boost)  
  46  6:36  Probe (Chrono Boost), Pylon  
  47  6:42  Probe (Chrono Boost)  
  47  6:47  Stalker x2  
  50  6:52  Stalker  
  54  6:57  Probe x2  
  56  7:09  Probe  
  57  7:18  Stalker x2  
  57  7:20  Probe  
  57  7:22  Pylon, Assimilator  
  62  7:26  Pylon  
  62  7:31  Probe  
  57  7:37  Charge  
  57  7:41  Stalker  
  57  7:42  Stalker x2  
  55  8:00  Probe x2  
  55  8:01  Assimilator  
  55  8:26  Stalker x3  
  59  8:27  Probe (Chrono Boost)  
  59  8:28  Probe (Chrono Boost)  
  61  8:40  Probe x2 (Chrono Boost)  
  63  8:45  Gateway  
  63  8:46  Probe x2 (Chrono Boost)  
  65  9:11  Stalker x2  
  65  9:12  Probe x2, Stalker  
  65  9:15  Robotics Bay  
  73  9:45  Zealot x2  
  77  9:46  Probe  
  77  9:49  Pylon  
  77  9:50  Pylon  
  78  9:56  Probe  
  67  10:07  Disruptor (Chrono Boost)  
  67  10:08  Zealot x4  
  78  10:26  Shield Battery  
  78  10:28  Shield Battery  
  78  10:30  Shield Battery  
  78  10:34  Gateway  
  78  10:36  Pylon  
  78  10:41  Zealot  
  78  10:42  Zealot x3  
  86  10:43  Disruptor (Chrono Boost)  
  66  11:05  Zealot x3  
Tags
 
Add a new tag
Caveats
  • Supply blocks, unpowered buildings, or Contaminate may cause inaccurate times.
  • Supply counts are checked every 10 seconds.